 Dungeon Crawl Stone Soup version 0.32-a0-7-ge934b4519a (webtiles) character file.

Game seed: 10508855613786272887

2231215 snackwell the Bringer of Law (level 27, 409/409 HPs)
             Began as a Minotaur Fighter on Jan 12, 2024.
             Was the Champion of Zin.
             Escaped with the Orb
             ... and 4 runes on Jan 13, 2024!
             The game lasted 04:34:49 (76451 turns).

snackwell the Bringer of Law (Minotaur Fighter)    Turns: 76451, Time: 04:34:50

Health: 409/409    AC: 49    Str: 39    XL:     27
Magic:  39/39      EV: 13    Int:  7    God:    Zin [******]
Gold:   8072       SH: 22    Dex: 16    Spells: 26/26 levels left

rFire   + + +        a - +9 broad axe (freeze)
rCold   + + .        E - +2 shield of Resistance {rF++ rC++ Will++}
rNeg    + . .        F - +10 plate armour of the Pink Corner {Will+ Str+7}
rPois   +            M - +2 hat
rElec   +            N - +2 cloak {Will+}
rCorr   +            f - +1 pair of gloves of Optimism {rC- rN+ Regen+}
SInv    .            O - +2 pair of boots of the Distant Future {rElec Will- Int+2}
Will    +++++        K - amulet of reflection Stlth
                     Y - ring "Zomiuwn" {rF+ rCorr AC+4 Dex+3}
HPRegen 1.68/turn    H - ring of poison resistance
MPRegen 0.26/turn

%: reflection
@: mighty, berserking, resistant, enlightened, flying, hasted, studying Ice
Magic, invisible, very quick
A: horns 2, retaliatory headbutt
0: Orb of Zot
}: 4/15 runes: decaying, serpentine, slimy, silver
a: Renounce Religion, Recite, Vitalisation, Imprison, Sanctuary, Donate Gold


You escaped.
You worshipped Zin.
Zin was exalted by your worship.
You visited 11 branches of the dungeon, and saw 55 of its levels.
You also visited: Trove, Sewer, Ossuary, Ice Cave, Volcano and Desolation.

You collected 13053 gold pieces.
You spent 4621 gold pieces at shops.
You donated 360 gold pieces to Zin.

Inventory:

Hand Weapons
 a - a +9 broad axe of freezing (weapon)
   (You bought it in a shop on level 1 of the Orcish Mines)
Missiles
 e - 30 boomerangs (quivered)
 k - 4 darts of dispersal
 m - 8 throwing nets
 t - 5 silver javelins
 u - 10 curare-tipped darts
Armour
 f - the +1 pair of gloves of Optimism (worn) {rC- rN+ Regen+}
   (You found it on level 2 of the Vaults)

   rC-:       It makes you vulnerable to cold.
   rN+:       It protects you from negative energy.
   Regen+:    It increases your rate of health regeneration.
 E - the +2 shield of Resistance (worn) {rF++ rC++ Will++}
   (You bought it in a shop on level 15 of the Dungeon)

   rF++:      It greatly protects you from fire.
   rC++:      It greatly protects you from cold.
   Will++:    It greatly increases your willpower.
 F - the +10 plate armour of the Pink Corner (worn) {Will+ Str+7}
   (You found it on level 3 of the Elven Halls)

   Str+7:     It affects your strength (+7).
   Will+:     It increases your willpower.
 M - a +2 hat (worn)
   (You found it on level 9 of the Dungeon)
 N - a +2 cloak of willpower (worn)
   (You found it in the Desolation of Salt)
 O - the +2 pair of boots of the Distant Future (worn) {rElec Will- Int+2}
   (You found it in the Desolation of Salt)

   Int+2:     It affects your intelligence (+2).
   rElec:     It insulates you from electricity.
   Will-:     It decreases your willpower.
Jewellery
 c - the ring "Iptupt" {rF++ rN+++ rCorr}
   (You found it on level 5 of the Pits of Slime)

   [ring of resist corrosion]

   rF++:      It greatly protects you from fire.
   rN+++:     It renders you almost immune to negative energy.
   rCorr:     It protects you from acid and corrosion.
 q - the ring of Dutum {Str+3 Int+6 Stlth+}
   (You found it in a treasure trove)

   [ring of intelligence]

   Str+3:     It affects your strength (+3).
   Int+6:     It affects your intelligence (+6).
   Stlth+:    It makes you more stealthy.
 r - a ring of see invisible
   (You found it on level 2 of the Snake Pit)
 H - a ring of poison resistance (right hand)
   (You found it on level 1 of the Depths)
 K - an amulet of reflection (around neck)
   (You found it on level 8 of the Dungeon)
 Q - a +5 ring of evasion
   (You found it on level 10 of the Dungeon)
 Y - the ring "Zomiuwn" (left hand) {rF+ rCorr AC+4 Dex+3}
   (You acquired it on level 1 of the Orcish Mines)

   [ring of protection]

   AC+4:      It affects your AC (+4).
   Dex+3:     It affects your dexterity (+3).
   rF+:       It protects you from fire.
   rCorr:     It protects you from acid and corrosion.
Wands
 p - a wand of paralysis (61)
   (You took it off an orc on level 7 of the Dungeon)
 s - a wand of quicksilver (13)
   (You found it on level 2 of the Dungeon)
 w - a wand of roots (51)
   (You found it on level 5 of the Dungeon)
 J - a wand of mindburst (83)
   (You found it on level 7 of the Dungeon)
 W - a wand of digging (7)
   (You found it on level 12 of the Dungeon)
Scrolls
 j - 29 scrolls of teleportation
 l - 3 scrolls of silence
 n - 3 scrolls of butterflies
 o - 7 scrolls of blinking
 x - a scroll of poison
 D - a scroll of vulnerability
 G - 5 scrolls of fog
 I - 7 scrolls of fear
 X - 3 scrolls of revelation
Potions
 d - 5 potions of enlightenment
 g - 5 potions of cancellation
 i - 12 potions of curing
 v - 6 potions of might
 z - 10 potions of invisibility
 A - a potion of haste
 C - 6 potions of heal wounds
 L - 2 potions of mutation
 P - a potion of attraction
 R - 3 potions of resistance
 S - 3 potions of berserk rage
 Z - 5 potions of ambrosia
Miscellaneous
 b - a phantom mirror
   (You found it on level 3 of the Crypt)
 h - a condenser vane
   (You found it on level 3 of the Crypt)
 y - a phial of floods
   (You found it on level 3 of the Vaults)
 B - a lightning rod (4/4)
   (You found it on level 5 of the Vaults)
 V - a sack of spiders
   (You found it on level 5 of the Lair of Beasts)


   Skills:
 O Level 27 Fighting
 + Level 23.2 Axes
 - Level 14.2 Throwing
 O Level 27 Armour
 - Level 7.3 Dodging
 - Level 6.0 Stealth
 + Level 18.4 Shields
 O Level 27 Invocations
 - Level 13.0 Evocations


You had 26 spell levels left.
You didn't know any spells.
Your spell library contained the following spells:

 Spells                   Type           Power      Damage    Failure   Level
 Apportation              Tloc           0%         N/A       77%         1
 Foxfire                  Conj/Fire      0%         2x1d4     77%         1
 Freeze                   Ice            0%         1d3       77%         1
 Kiss of Death            Conj/Necr      0%         2d5       77%         1
 Magic Dart               Conj           0%         1d3       77%         1
 Necrotise                Necr           0%         1d4       77%         1
 Sandblast                Erth           0%         2d4       77%         1
 Shock                    Conj/Air       0%         1d3       77%         1
 Slow                     Hex            0%         N/A       77%         1
 Sting                    Conj/Alch      0%         1d3       77%         1
 Summon Small Mammal      Summ           0%         N/A       77%         1
 Blink                    Tloc           0%         N/A       88%         2
 Cigotuvi's Dreadful Rot  Necr/Alch/Air  0%         N/A       88%         2
 Ensorcelled Hibernation  Hex/Ice        0%         N/A       88%         2
 Jinxbite                 Hex            0%         N/A       88%         2
 Lesser Beckoning         Tloc           0%         N/A       88%         2
 Momentum Strike          Conj/Tloc      0%         3d8       88%         2
 Scorch                   Fire           0%         2d5       88%         2
 Searing Ray              Conj           0%         2d4       88%         2
 Static Discharge         Conj/Air       0%         3-3/arc   88%         2
 Call Canine Familiar     Summ           0%         N/A       98%         3
 Confusing Touch          Hex            0%         N/A       98%         3
 Dazzling Flash           Conj/Hex       0%         N/A       98%         3
 Frozen Ramparts          Ice            0%         1d1       98%         3
 Fugue of the Fallen      Necr           0%         N/A       98%         3
 Gell's Gravitas          Tloc           0%         N/A       98%         3
 Hailstorm                Conj/Ice       0%         3d5       98%         3
 Inner Flame              Hex/Fire       0%         N/A       98%         3
 Mephitic Cloud           Conj/Alch/Air  0%         N/A       98%         3
 Ozocubu's Armour         Ice            0%         N/A       98%         3
 Passwall                 Erth           0%         N/A       98%         3
 Sigil of Binding         Hex            0%         N/A       98%         3
 Stone Arrow              Conj/Erth      0%         3d7       98%         3
 Summon Ice Beast         Ice/Summ       0%         N/A       98%         3
 Swiftness                Air            0%         N/A       98%         3
 Teleport Other           Tloc           0%         N/A       98%         3
 Tukima's Dance           Hex            0%         N/A       98%         3
 Vampiric Draining        Necr           0%         2d6       98%         3
 Volatile Blastmotes      Fire/Tloc      0%         2d10      98%         3
 Airstrike                Air            0%         2d(0-16)  100%        4
 Anguish                  Hex/Necr       0%         N/A       100%        4
 Animate Armour           Summ/Erth      0%         N/A       100%        4
 Animate Dead             Necr           0%         N/A       100%        4
 Brom's Barrelling Bould  Conj/Erth      0%         2d3       100%        4
 Cause Fear               Hex            0%         N/A       100%        4
 Dimensional Bullseye     Hex/Tloc       0%         N/A       100%        4
 Dispel Undead            Necr           0%         3d6       100%        4
 Flame Wave               Conj/Fire      0%         2d4       100%        4
 Fulminant Prism          Conj/Alch      0%         3d5       100%        4
 Ignite Poison            Fire/Alch      0%         N/A       100%        4
 Iskenderun's Mystic Bla  Conj/Tloc      0%         2d3       100%        4
 Leda's Liquefaction      Alch/Erth      0%         N/A       100%        4
 Manifold Assault         Tloc           0%         N/A       100%        4
 Passage of Golubria      Tloc           0%         N/A       100%        4
 Petrify                  Alch/Erth      0%         N/A       100%        4
 Sticky Flame             Fire/Alch      0%         2d4       100%        4
 Summon Blazeheart Golem  Fire/Summ      0%         N/A       100%        4
 Summon Lightning Spire   Summ/Air       0%         N/A       100%        4
 Vhi's Electric Charge    Tloc/Air       0%         N/A       100%        4
 Arcjolt                  Conj/Air       0%         1d10      100%        5
 Curse of Agony           Necr           0%         N/A       100%        5
 Fireball                 Conj/Fire      0%         3d3       100%        5
 Freezing Cloud           Conj/Ice/Air   0%         6-21      100%        5
 Irradiate                Conj/Alch      0%         3d11      100%        5
 Iskenderun's Battlesphe  Conj           0%         2d6       100%        5
 Lee's Rapid Deconstruct  Erth           0%         3d4*      100%        5
 Metabolic Englaciation   Hex/Ice        0%         N/A       100%        5
 Silence                  Hex/Air        0%         N/A       100%        5
 Summon Forest            Summ/Tloc      0%         N/A       100%        5
 Yara's Violent Unravell  Hex/Alch       0%         3d3       100%        5
 Bombard                  Conj/Erth      0%         9d1       100%        6
 Conjure Ball Lightning   Conj/Air       0%         3x3d6     100%        6
 Plasma Beam              Fire/Air       0%         2x1d10    100%        6
 Sculpt Simulacrum        Ice/Alch       0%         N/A       100%        6
 Starburst                Conj/Fire      0%         6d3       100%        6
 Enfeeble                 Hex            0%         N/A       100%        7
 Haunt                    Necr/Summ      0%         N/A       100%        7
 Orb of Destruction       Conj           0%         9d5       100%        7
 Ozocubu's Refrigeration  Ice            0%         4d7       100%        7
 Spellforged Servitor     Conj/Summ      0%         N/A       100%        7
 Ignition                 Fire           0%         3d3       100%        8
 Lehudib's Crystal Spear  Conj/Erth      0%         10d2      100%        8
 Maxwell's Capacitive Co  Air            0%         ∞         100%        8
 Chain Lightning          Conj/Air       0%         N/A       100%        9
 Dragon's Call            Summ           0%         N/A       100%        9
 Fire Storm               Conj/Fire      0%         5d1       100%        9
 Shatter                  Erth           0%         3d5*      100%        9


Dungeon Overview and Level Annotations

Branches:
Dungeon (15/15)            Temple (0/1) D:7            Lair (5/5) D:10
  Swamp (4/4) Lair:2        Snake (4/4) Lair:2        Slime (5/5) Lair:4
    Orc (2/2) D:12            Elf (3/3) Orc:2        Vaults (5/5) D:14
  Crypt (3/3) Vaults:3       Tomb (0/3) Crypt:3      Depths (4/4) D:15
    Zot (5/5) Depths:4      Sewer (visited)         Ossuary (visited)
  IceCv (visited)         Volcano (visited)         Desolation (visited)

Altars:
Ashenzari
Cheibriados
Dithmenos
Elyvilon
Fedhas
Kikubaaqudgha
Makhleb
Trog
Vehumet
Wu Jian
Yredelemnul
Zin
The Shining One
Jiyva

Shops:
D:3 :   D:15 :![   Orc:1 ?*!   Orc:2 ?=![   Snake:3 [   Vaults:1 *   Vaults:2 ?
Vaults:3 *   Depths:1 (   Depths:2 :   Depths:3 *   Depths:4 :=:

Portals:
Hell: Lair:5 Depths:1 Depths:2 Depths:3 Depths:4
Abyss: D:8 Depths:3 Depths:4
Pandemonium: Depths:1 Depths:2 Depths:3
Ziggurat: Depths:2
Bazaar: D:14

Annotations:
Elf:2 5 runed translucent doors
Depths:3 2 transporters, Zaitink's ghost, adept DgAE


Innate Abilities, Weirdness & Mutations

You have a pair of horns on your head.
You reflexively headbutt those who attack you in melee.


Message History

[a rock wall.]
Okay, then.
Aiming: Dig
Press: ? - help, Shift-Dir - straight line You can't see that place. [a rock wall.]
The rock shatters into small pieces.
There is a stone staircase leading up here.
You climb upwards.
There is a stone staircase leading down here.
A reaper comes into view. It is wielding a +5 heavy scythe.
You slice the reaper!! You freeze the reaper.
The reaper is moderately wounded.
You hit the reaper but do no damage.
You headbutt the reaper, but do no damage.
The reaper is moderately wounded.
You closely miss the reaper.
The reaper is moderately wounded.
The reaper misses you.
You barely miss the reaper.
The reaper is moderately wounded.
You slice the reaper!! You freeze the reaper.
The reaper is severely wounded.
You block the reaper's attack.
You carve the reaper like a ham!!! You freeze the reaper.
You kill the reaper!
No target in view!
No target in view!
Aiming: Dig
Press: ? - help, Shift-Dir - straight line, f - you Please select a direction to dig.
This square is covered in magical glow.
The rock shatters into small pieces.
There is an open door here.
You close the door.
There is a staircase leading out of the dungeon here.
You feel protected.
You feel very mighty all of a sudden.
You fade into invisibility!
You feel yourself speed up.
You feel very buoyant.
You fly up into the air.
A red film seems to cover your vision as you go berserk!
You feel yourself moving faster!
You feel mighty!
A hellwing opens the door.
What are your orders? t - Shout!
Anything else - Cancel.
You shout wildly!
You feel a strong urge to attack something.
The hellwing gives a chilling moan.
You have escaped!

#### ####### #...###÷. #.##.#.##
#####.###.### #.....# #.##.
#####################.###.###.###
.................................
.....######...######...######...#
####.#....#...#....#...#....#...#
#.#.>..#...#.@..#...#....#...#
###.#....##'##....##+##....##'##
#...##'###...##4###...###'##...#
#.#..#...'...+....+...+....'...'
#.#..##.######.##.#..##...###..#
##.##..#.......#...#.).#.#.###.#.
...###.##...............#.#..##..
........#.#...#.#...###...###...#
........##..#.....#....#.......##


You could see a hellwing (unable to see you).

Vanquished Creatures
  the Royal Jelly (Slime:5)
  Mara (Vaults:5)
  An orb of fire (Zot:5)
  3 dread liches
  A juggernaut (Depths:2)
  Vv (Crypt:1)
  Vashnia (Snake:2)
  5 Killer Klowns
  A pandemonium lord (Depths:1)
  Nikola (Swamp:2)
  8 golden dragons
  A bone dragon (Crypt:3)
  A shard shrike zombie (Crypt:3)
  3 electric golems
  18 tentacled monstrosities
  24 Orb Guardians
  6 liches
  2 deep elf blademasters
  A deep elf master archer (Elf:3)
  5 titans
  Asterion (Depths:1)
  26 acid blobs
  10 quicksilver dragons
  9 death cobs
  3 sphinxes
  An Executioner (Zot:1)
  An ancient champion (Crypt:2)
  6 tengu reavers
  Aizul (Snake:1)
  10 shadow dragons
  20 storm dragons
  3 thorn hunters
  15 draconian monks
  9 nagarajas
  Donald (Snake:2)
  2 revenants (Crypt:3)
  11 rockslimes
  2 fenstrider witches
  5 draconian shifters
  5 draconian knights
  4 protean progenitors
  8 fire giants
  8 azure jellies
  An iron dragon (Depths:4)
  A balrug (Depths:1)
  12 deep elf sorcerers
  2 imperial myrmidons (Desolation)
  21 vault wardens
  A juggernaut zombie (Crypt:3)
  4 draconian stormcallers
  4 ghost moths
  5 deep elf elementalists
  2 draconian scorchers
  3 curse skulls
  8 frost giants
  2 caustic shrike zombies (Crypt:3)
  3 orc warlords
  14 ghouls
  2 spriggan defenders (Depths:2)
  A cacodemon (D:9)
  20 ironbound preservers
  7 draconian annihilators
  2 angels (Elf:1)
  9 quicksilver oozes
  4 formless jellyfish
  3 vampire knights
  2 reapers
  13 very ugly things
  12 ironbound thunderhulks
  17 stone giants
  5 deep elf annihilators
  The ghost of Tacw the Black Belt, a journeyman MeSh of Nemelex Xobeh (Lair:3)
  8 deep elf demonologists
  19 black draconians
  17 green draconians
  2 halazid warlocks (Desolation)
  6 deep elf death magi
  11 white draconians
  A lorocyproca (D:15)
  11 bunyips
  14 red draconians
  5 eleionomae
  3 war gargoyles (Crypt:3)
  13 dire elephants
  23 yellow draconians
  25 purple draconians
  A green death (Depths:1)
  Josephine (D:12)
  10 jiangshi
  3 deep elf high priests
  2 crystal guardians
  A fenstrider witch zombie (Crypt:3)
  25 ettins
  12 fire dragons
  An acid blob zombie (Crypt:1)
  9 ragged hierophants (Desolation)
  A spriggan zombie (Crypt:3)
  4 entropy weavers
  9 great orbs of eyes
  12 yaktaur captains
  A rakshasa (D:15)
  Fannar (D:10)
  13 ice dragons
  10 ghost crabs
  31 vault guards
  5 servants of whispers (Desolation)
  2 spriggan skeletons (Crypt:3)
  2 salamander tyrants
  A hell beast (Depths:1)
  12 hydras
  3 alligators
  2 jorogumos (Zot:3)
  4 ogre magi
  21 peacekeepers
  3 catoblepae
  3 spriggan air magi
  Harold (D:9)
  5 ironbound frosthearts
  15 centaur warriors
  The ghost of VoidStrider the Thaumaturge, a novice OnFE (D:8)
  5 anacondas
  7 boulder beetles
  19 two-headed ogres
  17 dancing weapons
  7 tengu warriors
  9 vampire magi
  4 deep troll shamans
  7 death yaks (Depths:2)
  2 orc high priests
  8 deep troll earth magi
  19 naga sharpshooters
  21 naga warriors
  4 occultists
  11 shock serpents
  28 hell knights
  2 soul eaters
  A spriggan berserker (Depths:3)
  Nergalle (Orc:2)
  A hell hog (D:8)
  4 sun demons
  A fire crab (Volcano)
  11 deep elf knights
  A sixfirhy (D:9)
  A golden dragon zombie (Crypt:2)
  A sea snake (shapeshifter) (Vaults:5)
  A skyshark (Lair:4)
  2 shadow wraiths (Crypt:2)
  8 iron trolls
  The ghost of Azoth the Grappler, a novice DrSh of the Shining One (D:6)
  A mana viper (shapeshifter) (Vaults:2)
  29 skeletal warriors
  An iron giant zombie (Crypt:3)
  9 salamander mystics
  2 goliath frogs
  7 spriggan druids
  6 deep elf archers
  4 glowing orange brains
  5 death drakes
  2 flayed ghosts
  2 anaconda zombies
  5 swamp dragons
  13 mana vipers
  2 orb spiders (Zot:3)
  55 deep trolls
  A deep troll (shapeshifter) (Vaults:3)
  12 bog bodies
  2 naga ritualists
  4 lindwurms
  A shadow demon (Depths:4)
  Pikel (D:7)
  7 phantasmal warriors
  8 arcanists
  A shadow dragon zombie (Crypt:3)
  2 orange crystal statues
  2 anaconda skeletons
  15 orc knights
  A lindwurm (shapeshifter) (Vaults:2)
  A steelbarb worm (shapeshifter) (Vaults:5)
  26 ironbound convokers
  A wolf spider zombie (D:15)
  17 deep elf zephyrmancers
  31 deep elf pyromancers
  11 necromancers
  A cyclops (D:13)
  6 harpies
  3 oklob plants (Zot:3)
  7 will-o-the-wisps
  51 ugly things
  23 salamanders
  10 orc sorcerers
  2 shining eyes (shapeshifter)
  A stone giant zombie (Crypt:3)
  A fire giant zombie (Vaults:1)
  An alligator skeleton (Crypt:3)
  Maurice (D:12)
  5 shining eyes
  23 moths of wrath
  A toenail golem (D:8)
  4 meliai (D:13)
  3 manticores
  4 elephants (Lair:5)
  An eleionoma skeleton (Crypt:1)
  2 molten gargoyles (Volcano)
  30 black mambas
  9 guardian serpents
  A goliath frog skeleton (Crypt:2)
  3 eyes of devastation
  16 naga magi
  A rust devil (Depths:4)
  2 torpor snails
  A large abomination (Depths:1)
  8 cane toads
  2 centaur skeletons
  30 vault sentinels
  An unseen horror (D:10)
  2 ice statues (IceCv)
  6 gargoyles
  Maggie (Lair:2)
  An orange demon (Depths:4)
  A steelbarb worm zombie (Crypt:2)
  25 yaktaurs
  Jeremiah (D:6)
  3 efreet
  A kobold demonologist (D:10)
  6 komodo dragons
  An unseen horror zombie (Crypt:2)
  An anaconda simulacrum (Crypt:1)
  2 red devils (Lair:5)
  6 tengu conjurers
  5 rime drakes
  7 freezing wraiths
  6 ice devils
  4 trolls
  A white draconian skeleton (Crypt:2)
  A merfolk (shapeshifter) (Vaults:5)
  4 polar bears
  A yaktaur skeleton (Vaults:1)
  2 hellwings
  17 blink frogs
  8 hornets
  A harpy skeleton (Crypt:3)
  A tarantella (Vaults:4)
  Grinder (D:4)
  3 bloated husks
  77 saltlings (Desolation)
  11 tyrant leeches
  A boulder beetle zombie (Crypt:1)
  3 glass eyes
  A culicivora zombie (Crypt:1)
  95 slime creatures
  A culicivora (Vaults:1)
  An ice dragon zombie (Crypt:1)
  2 jumping spiders
  An ettin skeleton (Crypt:1)
  2 fire dragon skeletons (Crypt:3)
  4 air elementals
  2 centaur simulacra (D:15)
  10 spriggans
  A jumping spider (shapeshifter) (D:13)
  2 shadows (Crypt:3)
  3 water elementals
  5 wyverns
  19 wraiths
  9 vampires
  68 yaks
  2 fire elementals
  A basilisk (shapeshifter) (D:14)
  3 fire bats (Lair:3)
  16 humans
  4 basilisks
  12 golden eyes
  A hog (shapeshifter) (Elf:3)
  7 redbacks
  2 redbacks (shapeshifter) (Vaults:5)
  A chaos spawn (Depths:4)
  6 wargs
  A steam dragon (D:8)
  A death yak simulacrum (IceCv)
  A yaktaur simulacrum (Vaults:1)
  19 vampire mosquitoes
  19 swamp worms
  3 swamp worm simulacra (Swamp:4)
  Menkaure (D:7)
  A deep troll zombie (Crypt:1)
  59 nagas
  A demonspawn zombie (Crypt:1)
  A swamp worm (shapeshifter) (Vaults:5)
  4 small abominations
  11 water moccasins
  2 acid dragons
  14 hell hounds
  14 hydra simulacra (Swamp:4)
  A deep troll skeleton (Crypt:1)
  2 swamp drakes
  3 sky beasts
  A black bear (Lair:1)
  2 ice beasts
  19 orc warriors
  26 laughing skulls
  A boggart (Vaults:1)
  15 ogres
  4 centaurs
  A wolf (shapeshifter) (Elf:2)
  6 elf zombies
  A salamander zombie (Crypt:2)
  5 kobold brigands
  12 bullfrogs
  4 necrophages
  5 earth elementals
  2 gnoll sergeants
  A scorpion (D:5)
  A water moccasin zombie (D:6)
  A hornet simulacrum (D:10)
  A naga simulacrum (Crypt:1)
  4 wights (D:9)
  22 killer bees
  A polar bear skeleton (Crypt:2)
  An electric eel (Lair:1)
  8 howler monkeys
  2 bombardier beetles (D:5)
  5 centaur zombies
  3 lava snakes
  3 human zombies
  17 orc priests
  24 jellies
  A black bear zombie (Crypt:1)
  A gnoll bouda (D:7)
  2 hounds
  Jessica (D:2)
  A boggart zombie (Crypt:1)
  A sleepcap (D:7)
  3 iguanas
  37 orc wizards
  A hell rat (Lair:4)
  A polar bear simulacrum (IceCv)
  A wolf simulacrum (IceCv)
  An acid dragon zombie (Crypt:2)
  An ogre skeleton (Crypt:2)
  4 hound zombies (Ossuary)
  2 mummies (Ossuary)
  A howler monkey zombie (D:6)
  14 gnolls
  7 adders
  2 shadow imps
  5 swamp drake simulacra (Swamp:4)
  6 adder zombies (Ossuary)
  4 ribbon worms
  5 dart slugs
  84 orcs
  7 ball pythons
  12 endoplasms
  3 giant cockroaches (D:3)
  5 gnoll zombies (Ossuary)
  8 goblins
  7 hobgoblins
  4 jackals
  5 quokkas
  9 bats
  3 frilled lizards (D:2)
  A goblin zombie (D:5)
  6 jackal zombies (Ossuary)
  27 kobolds
  5 kobold zombies (Ossuary)
  3 orc zombies (Ossuary)
  A quokka zombie (D:5)
  3 rats
  An aspiring flesh (Zot:3)
  A butterfly (Lair:5)
2702 creatures vanquished.

Vanquished Creatures (collateral kills)
  An ironbound preserver (Vaults:2)
  A deep elf annihilator (Elf:3)
2 creatures vanquished.

Vanquished Creatures (others)
  A storm dragon (Depths:4)
  An eleionoma (Swamp:1)
  A deep elf high priest (Elf:3)
  An ironbound convoker (Desolation)
  2 deep elf zephyrmancers (Elf:1)
  A salamander (Snake:2)
  A naga mage (Snake:4)
  A guardian serpent (Snake:2)
  8 bloated husks
  A hornet (Swamp:3)
  A saltling (Desolation)
  A steam dragon (Volcano)
  A swamp worm (Swamp:1)
  A quokka (Depths:1)
  33 foxfires
55 creatures vanquished.

Grand Total: 2759 creatures vanquished

Notes
Turn   | Place    | Note
-------+----------+-------------------------------------------
     0 | D:1      | snackwell the Minotaur Fighter began the quest for the Orb.
     0 | D:1      | Reached XP level 1. HP: 19/19 MP: 0/0
   172 | D:1      | Reached XP level 2. HP: 27/27 MP: 1/1
   804 | D:2      | Noticed Jessica
   809 | D:2      | Killed Jessica
   810 | D:2      | Reached XP level 3. HP: 29/34 MP: 2/2
   897 | D:2      | Reached XP level 4. HP: 40/41 MP: 3/3
  1151 | D:2      | Identified the +4 rapier of the Lumpy Ziggurats {drain,
                  | rPois Str+4 Dex+2 SInv}
  1336 | D:3      | Reached skill level 5 in Axes
  1426 | D:3      | Found Nyigat's Book Shoppe.
  1480 | D:3      | Found a glowing drain.
  1484 | Sewer    | Entered a sewer
  1501 | Sewer    | Noticed a kobold brigand
  1513 | Sewer    | Killed a kobold brigand
  1514 | Sewer    | Reached skill level 5 in Fighting
  1514 | Sewer    | Reached XP level 5. HP: 27/48 MP: 4/4
  1644 | Sewer    | Reached XP level 6. HP: 39/56 MP: 5/5
  1894 | Sewer    | Identified the +9 hand axe of Checkmate {freeze, rF+ rN+
                  | Will+ SInv}
  2601 | D:4      | Noticed Grinder
  2624 | D:4      | Killed Grinder
  2625 | D:4      | Reached XP level 7. HP: 53/64 MP: 6/6
  3035 | D:4      | Found a glowing silver altar of Zin.
  3051 | D:4      | Became a worshipper of Zin the Law-Giver
  3051 | D:4      | Reached * piety under Zin
  3106 | D:4      | Found a glowing golden altar of the Shining One.
  3126 | D:4      | Reached ** piety under Zin
  3397 | D:5      | Entered Level 5 of the Dungeon
  3405 | D:5      | Reached skill level 1 in Invocations
  3460 | D:5      | Found a sand-covered staircase.
  3474 | Ossuary  | Entered an ossuary
  3535 | Ossuary  | Reached XP level 8. HP: 73/73 MP: 8/8
  3588 | Ossuary  | Reached *** piety under Zin
  4040 | D:5      | Identified the +1 plate armour "Huqud" {-Tele Regen+ Int+6
                  | Slay+4}
  4074 | D:5      | Reached **** piety under Zin
  4129 | D:5      | Identified the +5 long sword of Skirmishing {freeze,
                  | ^Fragile rF++}
  4442 | D:6      | Noticed Jeremiah
  4452 | D:6      | Killed Jeremiah
  4453 | D:6      | Reached skill level 10 in Axes
  4453 | D:6      | Reached XP level 9. HP: 73/83 MP: 11/11
  4610 | D:6      | Found a runed translucent gate.
  4610 | D:6      | Found a runed translucent gate.
  4610 | D:6      | Found a runed translucent gate.
  4610 | D:6      | Noticed Azoth's ghost (novice DrSh)
  4612 | D:6      | Found a basalt altar of Yredelemnul.
  4743 | D:6      | Reached skill level 5 in Invocations
  4934 | D:7      | Noticed Menkaure
  4942 | D:7      | Killed Menkaure
  5002 | D:7      | Found a radiant altar of Vehumet.
  5086 | D:7      | Noticed a two-headed ogre
  5091 | D:7      | Noticed Pikel
  5095 | D:7      | Killed a two-headed ogre
  5096 | D:7      | Reached skill level 10 in Fighting
  5100 | D:7      | Killed Pikel
  5101 | D:7      | Reached XP level 10. HP: 94/94 MP: 13/13
  5201 | D:7      | Found a staircase to the Ecumenical Temple.
  5330 | D:7      | Reached ***** piety under Zin
  5584 | D:8      | Noticed a toenail golem
  5647 | D:8      | Found a transporter.
  5651 | D:8      | Found a transporter.
  5651 | D:8      | Found a one-way gate to the infinite horrors of the Abyss.
  5651 | D:8      | Noticed VoidStrider's ghost (novice OnFE)
  5652 | D:8      | Noticed a white ugly thing
  5820 | D:8      | Noticed a hell hog
  6091 | D:8      | Found a bloodstained altar of Trog.
  6134 | D:8      | Found a blossoming altar of Fedhas.
  6215 | D:9      | Noticed Harold
  6227 | D:9      | Killed Harold
  6778 | D:9      | Reached XP level 11. HP: 105/105 MP: 16/16
  7054 | D:10     | Entered Level 10 of the Dungeon
  7055 | D:10     | Noticed a flayed ghost
  7064 | D:10     | Noticed a two-headed ogre
  7219 | D:10     | Found a staircase to the Lair.
  7322 | D:10     | Killed a flayed ghost
  7379 | D:10     | Noticed Fannar
  7462 | D:10     | Killed a two-headed ogre
  7601 | D:10     | Killed Fannar
  7728 | D:10     | Found an ornate altar of the Wu Jian Council.
  7942 | D:11     | Noticed a two-headed ogre
  7944 | D:11     | Noticed a two-headed ogre
  7953 | D:10     | Killed a two-headed ogre
  7954 | D:10     | Reached skill level 1 in Throwing
  8011 | D:11     | Noticed a two-headed ogre
  8032 | D:10     | Killed a two-headed ogre
  8036 | D:10     | Reached skill level 10 in Invocations
  8077 | D:11     | Reached skill level 5 in Armour
  8083 | D:11     | Noticed a two-headed ogre
  8098 | D:11     | Killed a two-headed ogre
  8151 | D:11     | Killed a two-headed ogre
  8152 | D:11     | Reached XP level 12. HP: 110/116 MP: 18/18
  8336 | D:11     | Noticed a two-headed ogre
  8346 | D:11     | Killed a two-headed ogre
  8578 | Lair:1   | Entered Level 1 of the Lair of Beasts
  9111 | Lair:1   | Noticed a catoblepas
  9122 | Lair:1   | Reached skill level 1 in Evocations
  9150 | Lair:1   | Killed a catoblepas
  9151 | Lair:1   | Reached skill level 5 in Throwing
  9374 | Lair:1   | Identified the +0 scale mail "Zaodoyhu" {rCorr Int+3 SInv}
  9573 | Lair:2   | Noticed Maggie
  9591 | Lair:2   | Reached skill level 15 in Fighting
  9593 | Lair:2   | Killed Maggie
  9783 | Lair:2   | Reached XP level 13. HP: 123/126 MP: 20/20
  9979 | Lair:2   | Identified the ring "Ejiel" {rF+ AC+4 Str-5 Dex+4}
 10038 | Lair:2   | Found a staircase to the Swamp.
 10070 | Lair:2   | Found a staircase to the Snake Pit.
 10231 | Lair:3   | Found a dark tunnel.
 10241 | Volcano  | Entered a volcano
 10327 | Volcano  | Found a burning altar of Makhleb.
 10389 | Volcano  | Reached ****** piety under Zin
 10424 | Volcano  | Noticed a fire dragon
 10434 | Volcano  | Killed a fire dragon
 11241 | Lair:3   | Found a runed translucent gate.
 11241 | Lair:3   | Found a runed translucent gate.
 11241 | Lair:3   | Found a runed translucent gate.
 11265 | Lair:3   | Noticed Tacw's ghost (journeyman MeSh)
 11267 | Lair:3   | Found a viscous altar of Jiyva.
 11596 | Lair:4   | Reached skill level 5 in Evocations
 12038 | Lair:4   | Found a staircase to the Slime Pits.
 12392 | Lair:5   | Entered Level 5 of the Lair of Beasts
 12418 | Lair:5   | Reached skill level 10 in Armour
 12677 | Lair:5   | Noticed a dire elephant
 12707 | Lair:4   | Killed a dire elephant
 13107 | Lair:5   | Reached XP level 14. HP: 138/138 MP: 21/21
 13800 | Lair:5   | Found a burning altar of Makhleb.
 14093 | Lair:5   | Found a gateway to Hell.
 14722 | D:12     | Found a frozen archway.
 14741 | IceCv    | Entered an ice cave
 14771 | IceCv    | Found a transporter.
 14781 | IceCv    | Found a transporter.
 15046 | IceCv    | Got the Secrets of Arson
 15396 | D:12     | Found a staircase to the Orcish Mines.
 15396 | D:12     | Noticed Maurice
 15400 | D:12     | Killed Maurice
 15590 | Orc:1    | Entered Level 1 of the Orcish Mines
 15595 | Orc:1    | Found Wuocsien's Magic Scroll Shoppe.
 15693 | Orc:1    | Noticed Josephine
 15753 | D:12     | Killed Josephine
 15977 | Orc:1    | Found Eliugumn's General Store.
 16000 | Orc:1    | Found Pyfypnaw's Distillery.
 16077 | Orc:2    | Entered Level 2 of the Orcish Mines
 16121 | Orc:2    | Found a staircase to the Elven Halls.
 17000 | Orc:2    | Found a radiant altar of Vehumet.
 17138 | Orc:2    | Found Hunimpog's Antique Armour Boutique.
 17140 | Orc:2    | Noticed Nergalle
 17148 | Orc:2    | Killed Nergalle
 17162 | Orc:2    | Found an ancient bone altar of Kikubaaqudgha.
 17238 | Orc:2    | Found Noeschize's Distillery.
 17251 | Orc:2    | Paralysed by an orc sorcerer for 2 turns
 17264 | Orc:2    | Found Kalosoa's Magic Scroll Shop.
 17341 | Orc:2    | Found Fyjuat's Jewellery Shop.
 17479 | Orc:1    | Bought a scroll of blinking for 120 gold pieces
 17479 | Orc:1    | Bought a scroll of acquirement for 832 gold pieces
 17479 | Orc:1    | Acquired the ring "Zomiuwn" {rF+ rCorr AC+4 Dex+3}
 17600 | Orc:2    | Bought a potion of resistance for 130 gold pieces
 17600 | Orc:2    | Bought 2 potions of heal wounds for 130 gold pieces
 17616 | Orc:2    | Bought an embroidered hat for 252 gold pieces
 17616 | Orc:2    | Bought a jewelled scarf for 360 gold pieces
 17616 | Orc:2    | Identified the scarf "Xoczuog" {harm, Will+ Int+3 Dex+4}
                  | (You bought it in a shop on level 2 of the Orcish Mines)
 17958 | Orc:1    | Bought a +0 broad axe for 60 gold pieces
 18558 | D:13     | Reached skill level 10 in Throwing
 19026 | D:13     | Reached XP level 15. HP: 105/147 MP: 22/22
 19286 | D:14     | Found a gate to the Vaults.
 19994 | D:14     | Found a gateway to a bazaar.
 20174 | D:14     | Acquired 915 gold pieces
 21016 | D:15     | Entered Level 15 of the Dungeon
 21178 | D:15     | Found Ufei's Armour Shoppe.
 21991 | D:15     | Bought the +2 shield of Resistance {rF++ rC++ Will++} for
                  | 775 gold pieces
 21991 | D:15     | Found the +2 shield of Resistance {rF++ rC++ Will++}
 22019 | D:15     | Found Tukh's Distillery.
 22124 | D:15     | Reached skill level 15 in Axes
 22124 | D:15     | Found Falooliuj's Book Shop.
 22283 | D:15     | Reached skill level 5 in Shields
 22634 | D:15     | Found a staircase to the Depths.
 22726 | D:15     | Found a broken altar of Ashenzari.
 23258 | Swamp:1  | Entered Level 1 of the Swamp
 23398 | Swamp:1  | Noticed a fenstrider witch
 23585 | Lair:2   | Killed a fenstrider witch
 23779 | Swamp:1  | Reached XP level 16. HP: 82/159 MP: 23/23
 26436 | Swamp:1  | Identified the +4 chain mail "Feera" {rN++ SInv}
 26452 | Swamp:1  | Got Cigotuvi's Directory of Ethics
 26505 | Swamp:1  | Upgraded the game from 0.31-a0-1626-g5cb510d322 to
                  | 0.32-a0-7-ge934b4519a
 26856 | Swamp:2  | Reached skill level 10 in Shields
 27518 | Swamp:2  | Identified the -1 pair of gloves of the Zebrataur {Rampage
                  | *Slow Int+5 SInv}
 27518 | Swamp:2  | Noticed Nikola
 27535 | Swamp:2  | Killed Nikola
 27557 | Swamp:2  | You fall into a shaft and drop 1 floor!
 28622 | Swamp:3  | Noticed a thorn hunter
 28632 | Swamp:3  | Killed a thorn hunter
 28739 | Swamp:3  | Identified the +0 glaive "Itemas" {flame, rElec rPois rCorr
                  | Dex-4}
 29216 | Swamp:3  | Noticed a thorn hunter
 29223 | Swamp:3  | Reached XP level 17. HP: 157/169 MP: 24/24
 29509 | Swamp:4  | Entered Level 4 of the Swamp
 29548 | Swamp:4  | Noticed a tentacled monstrosity
 29559 | Swamp:4  | Killed a tentacled monstrosity
 31455 | Swamp:4  | Got a decaying rune of Zot
 31718 | Snake:1  | Entered Level 1 of the Snake Pit
 32242 | Snake:1  | Identified the serpent talisman of Dishonour {Str+2}
 32242 | Snake:1  | Noticed Aizul
 32251 | Snake:1  | Killed Aizul
 34077 | Snake:2  | Noticed Vashnia
 34522 | Snake:2  | Killed Vashnia
 35044 | Snake:2  | Reached skill level 10 in Evocations
 35335 | Snake:2  | Noticed Donald
 35347 | Snake:2  | Killed Donald
 35357 | Snake:2  | Reached XP level 18. HP: 124/180 MP: 26/26
 35663 | Snake:3  | Found Weplon's Armour Emporium.
 37308 | Snake:3  | Identified the +0 plate armour of Fallacy {*Corrode rElec
                  | rF++ Int+2}
 37888 | Snake:4  | Entered Level 4 of the Snake Pit
 40983 | Snake:4  | Reached skill level 15 in Shields
 41355 | Snake:4  | Got a serpentine rune of Zot
 41636 | Elf:1    | Entered Level 1 of the Elven Halls
 41728 | Elf:1    | Found a glowing silver altar of Zin.
 41729 | Elf:1    | Found a crumbling gateway.
 41729 | Elf:1    | Found a glowing golden altar of the Shining One.
 41764 | Elf:1    | Found a white marble altar of Elyvilon.
 41878 | Desolati | Entered the Desolation of Salt
 41892 | Desolati | Reached XP level 19. HP: 185/191 MP: 28/28
 41949 | Desolati | Got the Atlas of Red Violence
 42039 | Desolati | Identified the +2 pair of boots "Xoyna" {Harm rPois rC+}
 42400 | Desolati | Found the +10 tower shield of Ignorance {rN+ Int-4}
 43014 | Desolati | Identified the +3 trident "Yta Doll" {distort, Dex+3}
 43024 | Desolati | Got the Volume of Breccia and the Singularity
 43044 | Desolati | Identified the +1 orcbow of Laceration {heavy, rElec rF+
                  | Str-5}
 43044 | Desolati | Identified the +8 dagger "Qoleullu" {flame, rCorr Int-4
                  | SInv}
 43254 | Desolati | Identified the +2 scimitar "Undertaker" {flame, rN+++ Will-
                  | rCorr Dex-5}
 43376 | Desolati | Identified the ring "Ekhleida" {rN+ Will+}
 43541 | Desolati | Identified the +4 dagger "Tutey" {elec, Dex+4}
 43656 | Desolati | Identified the +2 pair of boots of the Distant Future
                  | {rElec Will- Int+2}
 44142 | Elf:1    | Reached skill level 15 in Invocations
 44426 | Elf:1    | Identified the +0 ring mail of the Endless Expanse {rPois}
 44703 | Elf:1    | Paralysed by an air elemental for 1 turns
 45227 | Elf:2    | Reached skill level 1 in Dodging
 45366 | Elf:2    | Reached skill level 1 in Stealth
 45382 | Elf:2    | Found a huge runed translucent gate.
 45382 | Elf:2    | Found a huge runed translucent gate.
 45382 | Elf:2    | Found a huge runed translucent gate.
 45382 | Elf:2    | Found a huge runed translucent gate.
 45385 | Elf:2    | Found a huge runed translucent gate.
 45498 | Elf:2    | Paralysed by an air elemental for 1 turns
 45814 | Elf:3    | Entered Level 3 of the Elven Halls
 45836 | Elf:3    | Reached XP level 20. HP: 132/202 MP: 30/30
 46531 | Elf:3    | Reached skill level 5 in Dodging
 47107 | Elf:3    | Identified the +2 battleaxe "Noeto" {elec, Dex+3}
 47108 | Elf:3    | Identified the ring of Mysticism {rF+ rN+ rCorr Dex-3
                  | Slay+3}
 47818 | Elf:3    | Identified the +10 plate armour of the Pink Corner {Will+
                  | Str+7}
 48091 | Elf:2    | Reached skill level 5 in Stealth
 48420 | Elf:3    | Got the Guide on the Serac
 48487 | Elf:3    | Identified the +3 chain mail of Dice, Bag, and Bottle
                  | {Rampage rElec Int+4 Dex-2}
 49001 | Vaults:1 | Entered Level 1 of the Vaults
 49021 | Vaults:1 | Found a portal to a secret trove of treasure.
 49089 | Vaults:1 | Found Weos's Assorted Antiques.
 49962 | Vaults:1 | Reached XP level 21. HP: 210/210 MP: 32/32
 50084 | Vaults:1 | Reached skill level 15 in Armour
 50630 | Vaults:2 | Identified the +1 pair of gloves of Optimism {rC- rN+
                  | Regen+}
 51038 | Vaults:2 | Identified the +9 shortbow of Gallantry {heavy, rElec}
 51135 | Vaults:2 | Found Qychypru's Magic Scroll Boutique.
 51138 | Vaults:2 | Bought a scroll of blinking for 135 gold pieces
 51138 | Vaults:2 | Bought a scroll of revelation for 135 gold pieces
 51253 | Vaults:2 | Found the sphere of Battle
 51653 | Vaults:3 | Identified the +0 scale mail "Ciat" {rC- rCorr Dex+5 SInv}
 51851 | Vaults:3 | Found Sopuheonn's General Store.
 52524 | Vaults:3 | Found a staircase to the Crypt.
 53134 | Vaults:4 | Reached XP level 22. HP: 220/220 MP: 34/34
 54356 | Slime:1  | Entered Level 1 of the Pits of Slime
 54641 | D:6      | Killed Azoth's ghost
 54764 | D:8      | Killed VoidStrider's ghost
 54936 | Lair:3   | Killed Tacw's ghost
 56090 | Slime:5  | Entered Level 5 of the Pits of Slime
 56388 | Slime:5  | Noticed the Royal Jelly
 56432 | Slime:5  | Killed the Royal Jelly
 56540 | Slime:5  | Found the +10 zealot's sword {holy, Zealotry, *Rage rN+
                  | EV+3}
 56620 | Slime:5  | Identified the +11 quarterstaff of Otedoamo {heavy, Str+6
                  | Int+5}
 56633 | Slime:5  | Identified the +9 rapier of the Coward {venom, rElec rF+
                  | rN+}
 56637 | Slime:5  | Got a slimy rune of Zot
 56671 | Slime:5  | Identified the +9 spear of Symmetry {flame, rF+}
 56683 | Slime:5  | Identified the ring "Iptupt" {rF++ rN+++ rCorr}
 56713 | Slime:5  | Got Sif Muna's Anthology of the Tropics
 56714 | Slime:5  | Identified the +2 morningstar of the Common Good {freeze,
                  | *Rage rCorr Str+6}
 57045 | Crypt:1  | Entered Level 1 of the Crypt
 57596 | Crypt:1  | Noticed Vv
 57628 | Crypt:1  | Killed Vv
 57918 | Crypt:2  | Reached XP level 23. HP: 232/232 MP: 36/36
 58936 | Crypt:3  | Entered Level 3 of the Crypt
 59221 | Crypt:3  | Found the +7 sceptre of Torment {pain, torment}
 59545 | Crypt:3  | Found a staircase to the Tomb.
 59603 | Crypt:3  | Identified the +3 falchion "Rovudo" {freeze, rC- Will+
                  | Str+4}
 60105 | Crypt:3  | Found an ancient bone altar of Kikubaaqudgha.
 60107 | Crypt:3  | Noticed a dread lich
 60126 | Crypt:3  | Killed a dread lich
 60190 | Crypt:3  | Noticed a dread lich
 60209 | Crypt:3  | Killed a dread lich
 60901 | Depths:1 | Entered Level 1 of the Depths
 60944 | Depths:1 | Found a white marble altar of Elyvilon.
 60964 | Depths:1 | Noticed Asterion
 60975 | Depths:1 | Killed Asterion
 61189 | Depths:1 | Found a shadowy altar of Dithmenos.
 61285 | Depths:1 | Found Becejoclown's Antique Weapon Shoppe.
 61344 | Depths:1 | You fall into a shaft and drop 1 floor!
 61506 | Depths:2 | Found Yshupegh's Vocational Training.
 61515 | Depths:2 | Bought a manual of Invocations for 1440 gold pieces
 61557 | Depths:1 | Identified the +3 ring mail of Courage {-Tele rN+++ rCorr
                  | Int-3}
 61680 | Depths:1 | Identified the +3 chain mail of the Desolation of Salt {Fly
                  | rPois SInv}
 61700 | Depths:1 | Identified the +2 quarterstaff "Coode" {chaos, rF+}
 61877 | Depths:1 | Reached XP level 24. HP: 240/240 MP: 37/37
 61996 | Depths:1 | Found a one-way gate leading to the halls of Pandemonium.
 62509 | Depths:2 | Noticed a juggernaut
 62528 | Depths:2 | Killed a juggernaut
 62555 | Depths:2 | Identified the +8 orcbow of Wu Jian's Reproof {heavy, rPois
                  | Dex+3}
 62563 | Depths:2 | Got the Writings on Heat and Alteration
 62576 | Depths:2 | Found the +8 demon trident "Rift" {distort, reach+}
 62576 | Depths:2 | Found the +7 great mace "Undeadhunter" {deathbane, rN+}
 62580 | Depths:2 | Identified the +10 dagger of Qualooha {heavy, Will+ Str+2
                  | Dex+2 SInv}
 62583 | Depths:2 | Identified the +2 orcbow of Wu Jian, Grinning {elec, Str+5}
 62585 | Depths:2 | Identified the +6 great sword of Zoghegum {vamp, Str+7}
 62807 | Depths:2 | Found a one-way gateway to a ziggurat.
 63473 | Depths:3 | Noticed a juggernaut
 63473 | Depths:3 | Noticed Zaitink's ghost (adept DgAE)
 63476 | Depths:3 | Found a bloodstained altar of Trog.
 63481 | Depths:3 | Noticed a juggernaut
 63485 | Depths:3 | Found a transporter.
 63485 | Depths:3 | Identified the ring "Ilerytwa" {rElec rCorr Slay+4 Stlth-}
 63521 | Depths:3 | Found a transporter.
 64058 | Orc:2    | Bought a scroll of enchant weapon for 105 gold pieces
 64058 | Orc:2    | Bought a scroll of revelation for 105 gold pieces
 64058 | Orc:2    | Bought a scroll of teleportation for 42 gold pieces
 64589 | Depths:3 | Found Tegil's Blood Bar.
 64945 | Depths:4 | Entered Level 4 of the Depths
 65353 | Depths:4 | Found Wuopuoz's Book Shoppe.
 65353 | Depths:4 | Found Qoxog's Jewellery Boutique.
 65354 | Depths:4 | Found Myamatry's Book Shoppe.
 65411 | Depths:4 | Found a blossoming altar of Fedhas.
 65470 | Depths:4 | Found a glowing golden altar of the Shining One.
 65842 | Depths:4 | Found a gate to the Realm of Zot.
 66120 | Depths:4 | Identified the +1 robe "Helonyd" {Fly rElec Str+3 Dex+3}
 66163 | Depths:4 | Reached XP level 25. HP: 236/248 MP: 39/39
 67078 | Vaults:5 | Entered Level 5 of the Vaults
 67137 | Vaults:5 | Identified the +4 ring mail of Demons {Dex+3}
 67158 | Vaults:5 | Reached skill level 27 in Invocations
 67339 | Vaults:5 | Identified the +9 demon trident of Nunif {vamp, rF+++ rN+}
 67582 | Vaults:5 | Got a silver rune of Zot
 67587 | Vaults:5 | Identified the +5 hand axe "Ongog" {flame, Will- Int+8
                  | Dex+2}
 67597 | Vaults:5 | Identified the +0 leather armour "Nufrul" {rPois rF- MP+9
                  | Int-2}
 67598 | Vaults:5 | Identified the ring of Ruddio {rF+ rCorr}
 67608 | Vaults:5 | Identified the staff "Qookhur" {Fly Earth}
 67636 | Vaults:5 | Found the +8 demon blade "Leech" {evervamp, Harm ^Drain
                  | rN+}
 67870 | Vaults:5 | Noticed Mara
 67894 | Vaults:5 | Killed Mara
 68041 | Vaults:5 | Identified the +1 demon trident of the Shrinking Priest
                  | {freeze, rN++ Str-2 Int+2 Dex+3}
 68732 | Vaults:1 | You paid a toll of a +8 demon blade to enter a treasure
                  | trove
 68733 | Trove    | Entered a treasure trove
 68771 | Trove    | Identified the +5 quick blade "Jeaxy" {heavy, rPois}
 68777 | Trove    | Identified the ring of Dutum {Str+3 Int+6 Stlth+}
 69024 | Zot:1    | Entered Level 1 of the Realm of Zot
 69522 | Zot:1    | You fall into a shaft and drop 1 floor!
 69564 | Zot:2    | Reached XP level 26. HP: 257/257 MP: 24/39
 71887 | Zot:3    | Identified the +7 whip of Intuition {pain, Dex+3}
 72363 | Zot:3    | Reached skill level 27 in Fighting
 73222 | Zot:3    | Found a snail-covered altar of Cheibriados.
 73629 | Zot:4    | Identified the ring of Beauty {Ice Dex+8}
 74101 | Zot:5    | Entered Level 5 of the Realm of Zot
 74242 | Zot:5    | Reached XP level 27. HP: 273/273 MP: 39/39
 74678 | Zot:5    | Noticed a dread lich
 74693 | Zot:5    | Killed a dread lich
 75125 | Zot:5    | Reached skill level 27 in Armour
 75125 | Zot:5    | Noticed an orb of fire
 75145 | Zot:5    | Killed an orb of fire
 75798 | Zot:5    | Noticed an orb of fire
 75801 | Zot:5    | Got the Orb of Zot
 75998 | Depths:4 | Noticed Lacyusunt the pandemonium lord
 76077 | Depths:1 | Noticed Jiabbet the pandemonium lord
 76098 | Depths:1 | Killed Jiabbet the pandemonium lord
 76299 | D:9      | Noticed Inon the pandemonium lord
 76451 | D:$      | Escaped with the Orb!

Illustrated notes

Levels and vault maps discovered:
D:1:      arrival_zaba_pyramid, layout_loops_ring, hex_medium,
          minmay_misc_feat_x
D:2:      layout_basic, minmay_randomly_rotated_circles, uniq_jessica
D:3:      layout_basic, serial_shops, nicolae_lakefront_shop, serial_bayou,
          serial_bayou_crossing, serial_bayou_pond_c, serial_bayou_lagoon_a,
          serial_bayou_lagoon_b, mainiacjoe_sewer_entry_somewhere_in_here_2
D:4:      kennysheep_six_static_rooms, layout_rooms, general_overflow_altar,
          kennysheep_mini, kennysheep_generic_room_14, uniq_grinder
D:5:      layout_loops_cross, enter_ossuary_4, corexii_checkpoint,
          kennysheep_generic_room_8
D:6:      layout_basic, nicolae_yredelemnul_ghost_church, serial_glass,
          glass_columns_a, glass_columns_a, uniq_jeremiah
D:7:      layout_cave_pools, nicolae_overflow_hidden_temple, temple_pool_b,
          uniq_pikel, uniq_menkaure
D:8:      layout_loops_ring, mainiacjoe_overflow_two_lobes,
          gammafunk_ghost_abyssal_escape
D:9:      layout_stronghold, hangedman_decor_lopped, the_hattery, uniq_harold
D:10:     layout_cave_pools, lemuel_tele_altar, dpeg_oklobed_lair, st_stairs_13,
          chequers_garden, kennysheep_island_fort, uniq_fannar
D:11:     layout_cave_pools
D:12:     layout_basic, orc_david_3, portal_ice_cave_demonic_guard, uniq_maurice
D:13:     layout_cave_pools, minmay_joined_circles
D:14:     layout_gridville, david_vaults_3, serial_shops, statue_bzr
D:15:     grunt_enter_depths_magical_seal, layout_cave_pools, serial_shops,
          shop, shop, shop, cheibrodos_ashenzari_chains, minmay_rotating_lava
Lair:1:   layout_gridlike, pdpol_lair_cavern_descent, grunt_megastairs_1,
          lemuel_fruit_tree, infiniplex_staircase_pool_2
Lair:2:   layout_hall_layers, minmay_swamp_entry_worms,
          nicolae_snake_entry_warm_welcome, grunt_megastairs_5, uniq_maggie
Lair:3:   layout_regular_city, nicolae_volcano_entry_batcave,
          gammafunk_ghost_ooze
Lair:4:   layout_loops_ring, slime_entry_1
Lair:5:   evil_forest, layout_cave_pods, lemuel_fruit_fields
Swamp:1:  regret_index_all_hallows'_manor, layout_basic_swamp,
          evilmike_swamp_ruin_house_5, swamp_pool_1_2, kb_tengu_band
Swamp:2:  layout_basic_swamp, evilmike_swamp_ruin_house_1,
          nicolae_swamp_super_fun_site, uniq_nikola
Swamp:3:  nzn_winding_woodlands_three_and_one [nzn_winding_woodlands_5x15_cabin,
          nzn_winding_woodlands_5x15_longhouse,
          nzn_winding_woodlands_5x15_concentric,
          nzn_winding_woodlands_center_diamonds], layout_basic_swamp,
          serial_swamp_ruin, evilmike_swamp_ruin_rubble_1,
          evilmike_swamp_ruin_house_4
Swamp:4:  swamp_icy, layout_basic_swamp, swamp_pool_4, infiniplex_staircase_pool
Snake:1:  layout_gridlike, grunt_megastairs_3, uniq_aizul
Snake:2:  layout_onion, grunt_megastairs_4, nicolae_triple_integral,
          uniq_donald, uniq_vashnia
Snake:3:  layout_layer_cave, nicolae_stop_n_shop_2
Snake:4:  minmay_snake_end_coiled, layout_onion, nicolae_snake_lava_pool
Slime:1:  layout_caves
Slime:2:  cheibrodos_slime_lost_civilization_3, layout_caves
Slime:3:  layout_caves
Slime:4:  nicolae_slime_pool, layout_caves
Slime:5:  slime_pit_nicolae_trefoil
Orc:1:    layout_caves, serial_shops, shop_scrolls,
          nicolae_shop_tiny_waterfront, nicolae_shop_window_shopping,
          uniq_josephine
Orc:2:    kennysheep_orc_mage_school, layout_diamond_mine, basic_altar
Elf:1:    nicolae_elf_arrival_fired_up, layout_gridlike,
          portal_desolation_entry_holy_temple,
          hangedman_elven_crosses_minicolossus, st_stairs_3
Elf:2:    elven_hall_of_blades_hangedman_alternative
          [nicolae_blade_entry_antechamber], layout_gridlike,
          serial_sigils_hangedman_etch, hex_large
Elf:3:    minmay_elf_hall_spiked, layout_loops_cross
Vaults:1: vaults_room_grunt_arrival_ludios, nicolae_vaults_stepped_doors,
          v_misc_26, st_octagons_2, nicolae_vaults_double_plus_3,
          hangedman_vaults_pinch, nicolae_vaults_back_hallway,
          hangedman_vaults_hat, serial_library_hellmonk_open_square, v_misc_5,
          v_misc_15, nicolae_vaults_house_2, layout_vaults_maze,
          nicolae_trove_entry_columns, serial_shops, shop
Vaults:2: nicolae_vaults_tetromino_Z_1, nicolae_vaults_asterisk,
          vaults_dpeg_cross, nicolae_vaults_little_squares_6,
          hangedman_vaults_corner, vaults_mumra_hexcomb,
          nicolae_vaults_enemy_cabinets, layout_vaults_omnigrid, serial_shops,
          nicolae_shop_real_fake_doors
Vaults:3: v_misc_26, v_misc_4, v_misc_30, nicolae_vaults_double_plus_2,
          v_alt_pattern_6, minmay_crypt_entry_vampire_xt,
          nicolae_vaults_c_with_doors, v_misc_33,
          nicolae_vaults_network_barrier, nicolae_vaults_house_2,
          ontoclasm_vaults_idyll, grunt_vaults_hallway_short,
          layout_vaults_omnibox, serial_shops, shop
Vaults:4: hangedman_vaults_nodes, nicolae_vaults_circle_grid_b,
          nicolae_vaults_turnstiles, nicolae_vaults_quartermaster,
          vaults_standard_mumra_x, nicolae_vaults_theta,
          nicolae_vaults_storage_closets_3, dpeg_vaults_monster_row,
          nicolae_vaults_closet_pinwheel_6, vaults_room_hallway,
          vaults_dpeg_encased_lava, nicolae_vaults_house_1,
          nicolae_vaults_rhombus_5, nicolae_vaults_trapezoid_2,
          layout_vaults_ring
Vaults:5: uniq_mara
Crypt:1:  layout_misc_corridors, amcnicky_mini_pool_small, uniq_vv
Crypt:2:  layout_regular_city
Crypt:3:  quadcrypt_mu, uniq_josephina
Depths:1: layout_honeycomb, grunt_dithmenos_smoke, serial_shops, shop,
          lightli_too_deep, grunt_pan_entry_in_and_out, minivault_15,
          elyvilon_altar_4, kennysheep_random_hallway, firewood_loft,
          uniq_asterion
Depths:2: giant_chief_lemuel, layout_gridville, enter_ziggurat_a,
          rand_demon_pan_entry_4, hell_entry, st_stairs_10,
          nicolae_shop_vocational, infiniplex_staircase_star
Depths:3: grunt_house_of_mirrors, layout_cave_pools,
          gammafunk_ghost_wrathful_warriors, abyss_entry, hell_entry, pan_entry,
          serial_bayou_pond_e, guppyfry_shop_blood
Depths:4: lemuel_castle_with_subvaults [lemuel_castle_interior_carwin_1],
          layout_gridlike, fedhas_altar_fruit_tree, hangedman_abyss_entry_splay,
          pf_hell_entry_great_geh, tso_metal_star, minmay_shop_grove
Zot:1:    layout_cathedral_of_symmetry, hangedman_zot_decor_checkerboard
Zot:2:    layout_onion_interference, hangedman_zot_gyre, lemuel_flame_loot_1
Zot:3:    lemuel_acid_trip, layout_onion, regret_index_zotdec_serpentine_coiled
Zot:4:    layout_onion_interference, st_stairs_6
Zot:5:    layout_onion

Skill      XL: |  1  2  3  4  5  6  7  8  9 10 11 12 13 14 15 16 17 18 19 20 21 22 23 24 25 26 27 |
---------------+----------------------------------------------------------------------------------+-----
Axes           | 3 4 5 6 7 8 10 11 13 14 15 16 18 19 23 | 23.2
Fighting       | 4 5 6 7 9 10 12 13 15 16 17 18 19 20 21 22 23 24 27 | 27.0
Invocations    | 2 4 6 8 10 11 12 14 15 17 19 20 23 26 27 | 27.0
Throwing       | 3 6 8 10 11 13 14 | 14.2
Armour         | 5 8 10 12 13 14 17 18 20 25 26 27 | 27.0
Evocations     | 3 6 8 10 11 13 | 13.0
Shields        | 7 11 13 15 16 18 | 18.4
Dodging        | 2 7 |  7.3
Stealth        | 2 6 |  6.0

Action                     |  1- 3 |  4- 6 |  7- 9 | 10-12 | 13-15 | 16-18 | 19-21 | 22-24 | 25-27 || total
---------------------------+-------+-------+-------+-------+-------+-------+-------+-------+-------++-------
  Melee: War axe           |    55 |   123 |       |       |       |       |       |       |       ||   178
         Headbutt          |     7 |    18 |    45 |   100 |   296 |   328 |   367 |   496 |   466 ||  2123
         Hand axe          |       |     9 |   215 |   421 |   676 |       |       |       |       ||  1321
         Flail             |       |       |       |       |    16 |    26 |       |       |       ||    42
         Broad axe         |       |       |       |       |   369 |  1216 |  1335 |  1563 |  1381 ||  5864
  Throw: Boomerang         |     4 |    10 |    22 |    10 |    30 |   169 |    32 |    35 |    98 ||   410
         Dart              |       |       |     2 |     4 |       |       |       |     3 |       ||     9
         Javelin           |       |       |       |       |       |       |     4 |     7 |     5 ||    16
 Invoke: Recite            |       |       |     1 |    17 |    19 |     6 |    22 |    26 |    21 ||   112
         Vitalisation      |       |       |       |       |       |     4 |       |       |       ||     4
         Sanctuary         |       |       |       |       |       |     3 |     1 |       |       ||     4
         Imprison          |       |       |       |       |       |       |     1 |       |       ||     1
  Evoke: Wand              |       |     1 |     5 |     3 |    11 |    28 |     7 |     5 |    14 ||    74
         Sack of spiders   |       |       |       |       |       |       |     2 |       |       ||     2
         Condenser vane    |       |       |       |       |       |       |       |     1 |       ||     1
    Use: Potion            |       |     1 |       |     1 |     4 |    13 |     4 |     8 |    20 ||    51
         Scroll            |       |    13 |     8 |     6 |    16 |    10 |     6 |     4 |    16 ||    79
   Stab: Confused          |       |       |       |     2 |    16 |       |    25 |    26 |    56 ||   125
         Invisible         |       |       |       |     3 |     6 |       |     3 |     2 |     6 ||    20
         Paralysed         |       |       |       |     2 |    30 |     7 |     2 |    16 |    19 ||    76
 Armour: Scale mail        |    39 |    56 |       |       |       |       |       |       |       ||    95
         Plate armour      |       |    58 |   116 |   224 |    57 |       |   212 |   823 |   960 ||  2450
         Fire dragon scale |       |       |       |       |   585 |   747 |   306 |       |       ||  1638
         Ring mail         |       |       |       |       |     1 |       |       |       |       ||     1
         Chain mail        |       |       |       |       |    13 |       |       |       |       ||    13
  Dodge: Dodged            |    23 |    41 |    40 |   105 |   429 |   371 |   301 |   474 |   385 ||  2169
  Block: Buckler           |    13 |    28 |    35 |   165 |   366 |       |       |       |       ||   607
         Reflection        |       |       |       |     6 |    24 |   145 |    85 |    23 |    43 ||   326
         Kite shield       |       |       |       |       |   103 |  1042 |   862 |  1116 |  1099 ||  4222

Table legend: (Time is in decaauts)
 A = Elapsed time spent in this place.
 B = Non-inter-level travel time spent in this place.
 C = Inter-level travel time spent in this place.
 D = Time resting spent in this place.
 E = Time spent auto-exploring this place.
 F = Levels seen in this place.
 G = Mean time per level.
                   A        B        C        D        E       F      G
               +--------+--------+--------+--------+--------+-----+--------+
         Total |  75171 |  68199 |   6972 |  14354 |  36777 |  61 | 1232.3 |
       Dungeon |  15933 |  12990 |   2943 |   1615 |   8067 |  15 | 1062.2 |
          Lair |   6211 |   5230 |    981 |    877 |   3261 |   5 | 1242.2 |
         Swamp |   8205 |   7911 |    294 |   3587 |   2770 |   4 | 2051.2 |
     Snake Pit |   9616 |   9460 |    156 |   2772 |   5237 |   4 | 2404.0 |
    Slime Pits |   1737 |   1558 |    179 |    203 |    686 |   5 |  347.4 |
  Orcish Mines |   2385 |   1677 |    708 |    318 |    915 |   2 | 1192.5 |
   Elven Halls |   4870 |   4642 |    228 |   1332 |   2247 |   3 | 1623.3 |
        Vaults |   6888 |   6272 |    616 |    219 |   4202 |   5 | 1377.6 |
         Crypt |   3461 |   3376 |     85 |    421 |   2020 |   3 | 1153.7 |
        Depths |   5538 |   4878 |    660 |    407 |   3131 |   4 | 1384.5 |
           Zot |   6654 |   6536 |    118 |   1413 |   3259 |   5 | 1330.8 |
         Trove |     62 |     62 |      0 |      0 |      0 |   1 |   62.0 |
         Sewer |    518 |    518 |      0 |    149 |    185 |   1 |  518.0 |
       Ossuary |    283 |    283 |      0 |      0 |    131 |   1 |  283.0 |
      Ice Cave |    335 |    335 |      0 |    180 |      0 |   1 |  335.0 |
       Volcano |    380 |    380 |      0 |    163 |     28 |   1 |  380.0 |
    Desolation |   2086 |   2086 |      0 |    694 |    634 |   1 | 2086.0 |
               +--------+--------+--------+--------+--------+-----+--------+

Top non-repeatable levels by time:
 Snake:3: 3401 daAuts
 Swamp:1: 3174 daAuts
 Snake:4: 2301 daAuts
 Snake:2: 2235 daAuts
 Swamp:3: 2199 daAuts
    D:14: 2134 daAuts
Desolation: 2086 daAuts
    D:13: 1895 daAuts
Depths:4: 1871 daAuts
   Elf:3: 1776 daAuts
   Zot:2: 1765 daAuts
   Elf:2: 1757 daAuts
   Orc:2: 1725 daAuts
 Snake:1: 1678 daAuts
   Zot:3: 1633 daAuts
